 Dungeon Crawl Stone Soup version 0.17.2-1-ge4368a0 (webtiles) character file.

219 Hettar the Shield-Bearer (level 5, -2/50 HPs)
             Began as a Deep Dwarf Fighter on July 10, 2017.
             Killed by divine providence
             ... invoked by an orc priest
              (13 damage)
             ... on level 3 of the Dungeon.
             The game lasted 00:54:31 (2843 turns).

Hettar the Shield-Bearer (Deep Dwarf Fighter)       Turns: 2843, Time: 00:54:31

Health: -2/50      AC:  2    Str: 20    XL:     5   Next: 63%
Magic:  0/0        EV: 10    Int:  9    God:
Gold:   126        SH:  9    Dex: 12    Spells: 0 memorised, 4 levels left

rFire  . . .     SeeInvis .     x - -3 hand axe (curse)
rCold  . . .     Clarity  .     i - +0 robe
rNeg   . . .     SustAt   .     c - +0 shield
rPois  .         Gourm    .     (no helmet)
rElec  .         Spirit   .     (no cloak)
rCorr  .         Warding  .     (no gloves)
rMut   .         Stasis   .     (no boots)
MR     .....                    (no amulet)
Stlth  ++........               (no ring)
                                (no ring)

@: non-regenerating, slowed, very slow, not resistant to hostile enchantments,
unstealthy
A: damage resistance, recharge devices, sense surroundings 1, slow regeneration
3
a: Device Recharging


You were on level 3 of the Dungeon.
You were hungry.

You visited 1 branch of the dungeon, and saw 4 of its levels.

You collected 126 gold pieces.

Inventory:

Hand Weapons
 a - a +0 war axe
 g - a +0 giant club
 q - a +0 quarterstaff
 s - a cursed +0 trident
 t - a +0 hunting sling
 x - a cursed -3 hand axe (weapon)
 z - a +0 falchion
Missiles
 h - 9 sling bullets of frost
 n - 20 arrows
 y - 21 poisoned needles
Armour
 b - a +0 scale mail
 c - a +0 shield (worn)
 d - a cursed +0 robe
 i - a +0 robe (worn)
 j - a +0 ring mail
 m - a +0 leather armour
 w - a +0 ring mail
Wands
 e - a wand of heal wounds (7)
 v - a wand of magic darts (39)
Scrolls
 l - a scroll of noise
 p - 3 scrolls of identify
 u - a scroll of remove curse
Potions
 o - 2 potions of brilliance {unknown}
Comestibles
 f - 2 bread rations
 k - a fruit
 r - a meat ration


   Skills:
 + Level 3.9 Fighting
 + Level 3.2 Axes
 + Level 3.5 Armour
 + Level 2.4 Dodging
 + Level 1.1 Stealth
 + Level 4.4 Shields
 + Level 0.3 Evocations


You had 4 spell levels left.
You didn't know any spells.

Dungeon Overview and Level Annotations

Branches:
Dungeon (4/15)
 Temple: D:4-7

Altars:
Ashenzari


Innate Abilities, Weirdness & Mutations

You are resistant to damage.
You can recharge devices by infusing magical energy.
You passively map a small area around you.
You do not regenerate naturally.


Message History

You hit the orc.
The orc is heavily wounded.
You hit the orc priest but do no damage.
The orc priest is lightly wounded.
The orc priest mumbles some strange prayers to Beogh against you.
Pain shoots through your body! The orc hits you but does no damage.
The orc wizard casts a spell.
The orc wizard blinks!
The orc priest barely misses you.
You hit the orc.
The orc is almost dead.
You hit the orc priest.
The orc priest is moderately wounded.
The orc hits you.
* * * LOW HITPOINT WARNING * * *
The orc wizard gestures at you while chanting.
The magic dart hits you!
* * * LOW HITPOINT WARNING * * *
The orc priest calls down the wrath of Beogh upon you.
Something smites you!
You die...

#......# , ,
############......# ,
+..................# ,
######............# , ,,
#............# , ,
#............# ,
#+########.............
,*#.....oo##.............
#.....@[......####..... **
#.#####....o#.<# #.....
#####'#####.##.##..###.####
#..........................
#........#####.###.#.#.####
#....>...'...........).....
##........#####.......#.....
#.........# ##...#........
#.######### ###.#.####.##


You could see an orc priest, an orc wizard and an orc.

Vanquished Creatures
  An ogre (D:3)
  Ijyb (D:3)
  Jessica (D:3)
  An adder (D:3)
  An ooze (D:3)
  A worm (D:3)
  3 giant geckos (D:1)
  4 orcs (D:3)
  A giant cockroach (D:1)
  3 goblins (D:1)
  8 hobgoblins
  7 jackals (D:1)
  A quokka (D:3)
  A ball python (D:3)
  5 bats
  4 giant newts
  9 kobolds
  10 rats
62 creatures vanquished.

Notes
Turn   | Place    | Note
--------------------------------------------------------------
     0 | D:1      | Hettar the Deep Dwarf Fighter began the quest for the Orb.
     0 | D:1      | Reached XP level 1. HP: 20/20 MP: 1/1
   197 | D:1      | Reached XP level 2. HP: 22/27 MP: 2/2
   878 | D:1      | Reached XP level 3. HP: 12/34 MP: 3/3
  1574 | D:2      | You fall through a shaft!
  1574 | D:3      | Found a shattered altar of Ashenzari.
  1574 | D:3      | Noticed Ijyb
  1590 | D:3      | Killed Ijyb
  1590 | D:3      | Reached skill level 1 in Dodging
  1590 | D:3      | Reached skill level 4 in Shields
  1590 | D:3      | Reached XP level 4. HP: 17/42 MP: 4/4
  1768 | D:3      | Noticed an ogre
  1805 | D:3      | Killed an ogre
  1805 | D:3      | Reached XP level 5. HP: 18/50 MP: 5/5
  2143 | D:3      | Noticed Jessica
  2277 | D:3      | Reached skill level 1 in Stealth
  2554 | D:3      | Killed Jessica
  2843 | D:3      | Killed from afar by an orc priest

Action                   |  1- 3 |  4- 6 || total
-------------------------+-------+-------++-------
Melee: War axe           |   145 |    75 ||   220
       Hand axe          |       |     6 ||     6
 Abil: Device Recharging |       |     5 ||     5
Evoke: Wand              |     2 |    10 ||    12
  Use: Scroll            |     2 |       ||     2
       Potion            |       |     1 ||     1
  Eat: Meat ration       |     1 |       ||     1
       Fruit             |     1 |       ||     1
